 Dungeon Crawl Stone Soup version 0.32-a0-933-ga8fa3634e4 (webtiles) character file.

Game seed: 10167347776361884241

229295 jasper the Severer (level 17, -10/142 HPs)
             Began as a Demonspawn Fighter on Apr 14, 2024.
             Was the Champion of Jiyva.
             Shot with an arrow by a naga sharpshooter (17 damage)
             ... on level 3 of the Snake Pit.
             The game lasted 00:59:55 (24250 turns).

jasper the Severer (Demonspawn Fighter)            Turns: 24250, Time: 00:59:56

Health: -10/142    AC: 28    Str: 28    XL:     17   Next: 67%
Magic:  17/17      EV:  4    Int: 19    God:    Jiyva [******]
Gold:   1477       SH:  0    Dex: 18    Spells: 6/16 levels left

rFire   . . .        n - +6 battleaxe of Wieza {pain, rN+ Str+7}
rCold   + + .        (shield currently unavailable)
rNeg    + . .        x - +7 Kryia's mail coat {PotionHeal*2 rC+}
rPois   +            (helmet unavailable)
rElec   .            S - +2 cloak {Stlth+}
rCorr   +            Z - +2 pair of gloves
SInv    +            (boots unavailable)
Will    ++...        g - amulet of Due Proportion {Faith Regen+ Dex+2}
Stlth   ++++         m - ring of willpower
HPRegen 2.83/turn    R - +4 ring of protection
MPRegen 0.95/turn

%: faith
@: lethally poisoned (-10 -> -16), constricted
A: claws 2, foul stench 2, big brain 2, demonic magic 3, antennae 3, hooves 3,
thin skeletal structure 2, clever 1, cold resistance 1, mutation resistance 1,
sense surroundings 1, poison resistance, gelatinous body 1, MP-powered wands,
sturdy frame 3
}: 2/15 runes: decaying, slimy
a: Renounce Religion, Oozemancy, Slimify


You were on level 3 of the Snake Pit.
You worshipped Jiyva.
Jiyva was exalted by your worship.
You visited 6 branches of the dungeon, and saw 34 of its levels.

You collected 2328 gold pieces.
You spent 851 gold pieces at shops.

Inventory:

Hand Weapons
 c - a +6 battleaxe of flaming
 n - the +6 battleaxe of Wieza (weapon) {pain, rN+ Str+7}
   (You found it on level 5 of the Pits of Slime)

   Str+7:     It affects your strength (+7).
   rN+:       It protects you from negative energy.
 U - a +1 battleaxe of freezing
Missiles
 y - 6 boomerangs
 L - 8 curare-tipped darts
 X - 2 throwing nets
Armour
 x - the +7 Kryia's mail coat (worn) {PotionHeal*2 rC+}
   (You found it on level 6 of the Dungeon)

   PotionHeal*2: Potions heal its wearer twice as much.
   rC+:       It protects you from cold.
 B - a +0 helmet
 O - a +1 pair of boots of flying
 S - a +2 cloak of stealth (worn)
 Z - a +2 pair of gloves (worn)
Jewellery
 b - a ring of see invisible
 f - a +4 ring of protection
 g - the amulet of Due Proportion (around neck) {Faith Regen+ Dex+2}
   (You found it on level 3 of the Dungeon)

   [amulet of faith]

   Faith:     It allows you to gain divine favour quickly.
   Dex+2:     It affects your dexterity (+2).
   Regen+:    It increases your rate of health regeneration.
 j - a ring of fire
 m - a ring of willpower (left hand)
 R - a +4 ring of protection (right hand)
 T - a ring of flight
 V - a ring of ice
Talismans
 o - a granite talisman
Wands
 l - a wand of roots (44)
 p - a wand of mindburst (10)
 z - a wand of flame (15)
 A - a wand of paralysis (14)
 K - a wand of digging (9)
 N - a wand of quicksilver (3)
Scrolls
 a - a scroll of brand weapon
 q - a scroll of fear
 s - 7 scrolls of teleportation
 v - 3 scrolls of vulnerability
 w - a scroll of summoning
 E - 2 scrolls of immolation
 H - a scroll of identify
 J - 5 scrolls of fog
 M - a scroll of blinking
 W - 4 scrolls of enchant weapon
Potions
 d - 3 potions of might
 e - 3 potions of magic
 h - a potion of attraction
 i - a potion of ambrosia
 k - 5 potions of curing
 r - 3 potions of mutation
 t - a potion of haste
 u - 2 potions of cancellation
 C - a potion of heal wounds
 D - 3 potions of enlightenment
 F - 5 potions of lignification
 I - 2 potions of brilliance
 Y - 4 potions of berserk rage
Miscellaneous
 G - a phantom mirror
 P - a Gell's gravitambourine (2/2)
 Q - a sack of spiders


   Skills:
 - Level 15.0 Fighting
 - Level 20.0 Axes
 - Level 11.2 Armour
 - Level 5.0 Dodging
 - Level 2.6 Shields
 - Level 10.0 Necromancy
 - Level 9.1 Air Magic
 - Level 7.1 Evocations
 + Level 2.0 Shapeshifting


You had 6 spell levels left.
You knew the following spells:

 Your Spells              Type           Power      Damage    Failure   Level
a - Mephitic Cloud        Conj/Alch/Air  11%        N/A       19%         3
b - Fugue of the Fallen   Necr           38%        N/A       1%          3
c - Swiftness             Air            34%        N/A       1%          3
d - Apportation           Tloc           0%         N/A       22%         1

Your spell library contained the following spells:

 Spells                   Type           Power      Damage    Failure   Level
 Necrotise                Necr           100%       1d9       1%          1
 Cigotuvi's Dreadful Rot  Necr/Alch/Air  48%        N/A       2%          2
 Static Discharge         Conj/Air       34%        3-5/arc   4%          2
 Curse of Agony           Necr           38%        N/A       10%         5
 Foxfire                  Conj/Fire      0%         2x1d4     22%         1
 Sting                    Conj/Alch      0%         1d3       22%         1
 Summon Small Mammal      Summ           0%         N/A       22%         1
 Anguish                  Hex/Necr       9%         N/A       28%         4
 Ensorcelled Hibernation  Hex/Ice        0%         N/A       32%         2
 Lesser Beckoning         Tloc           0%         N/A       32%         2
 Call Canine Familiar     Summ           0%         N/A       54%         3
 Dazzling Flash           Conj/Hex       0%         N/A       54%         3
 Frozen Ramparts          Ice            0%         1d1       54%         3
 Hailstorm                Conj/Ice       0%         3d5       54%         3
 Maxwell's Portable Pile  Tloc           0%         2d(5-13)  54%         3
 Ozocubu's Armour         Ice            0%         N/A       54%         3
 Sigil of Binding         Hex            0%         N/A       54%         3
 Stone Arrow              Conj/Erth      0%         3d7       54%         3
 Teleport Other           Tloc           0%         N/A       54%         3
 Tukima's Dance           Hex            0%         N/A       54%         3
 Arcjolt                  Conj/Air       8%         1d18      67%         5
 Silence                  Hex/Air        8%         N/A       67%         5
 Freezing Cloud           Conj/Ice/Air   5%         6-21      87%         5
 Animate Armour           Summ/Erth      0%         N/A       91%         4
 Cause Fear               Hex            0%         N/A       91%         4
 Dimensional Bullseye     Hex/Tloc       0%         N/A       91%         4
 Ignite Poison            Fire/Alch      0%         N/A       91%         4
 Passage of Golubria      Tloc           0%         N/A       91%         4
 Metabolic Englaciation   Hex/Ice        0%         N/A       99%         5
 Yara's Violent Unravell  Hex/Alch       0%         3d3       99%         5
 Sculpt Simulacrum        Ice/Alch       0%         N/A       100%        6
 Enfeeble                 Hex            0%         N/A       100%        7
 Orb of Destruction       Conj           0%         9d5       100%        7
 Ozocubu's Refrigeration  Ice            0%         4d7       100%        7
 Lehudib's Crystal Spear  Conj/Erth      0%         10d2      100%        8
 Maxwell's Capacitive Co  Air            17%        ∞         100%        8
 Chain Lightning          Conj/Air       8%         3d11      100%        9
 Polar Vortex             Ice            0%         N/A       100%        9


Dungeon Overview and Level Annotations

Branches:
Dungeon (15/15)            Temple (0/1) D:5            Lair (5/5) D:8
  Swamp (4/4) Lair:3        Snake (3/4) Lair:2        Slime (5/5) Lair:4
    Orc (2/2) D:11            Elf (0/3) Orc:2        Vaults (0/5) D:14
 Depths (0/4) D:15

Altars:
Ashenzari
Cheibriados
Fedhas
Gozag
Hepliaklqana
Makhleb
Uskayaw
Yredelemnul
Beogh
Jiyva

Shops:
Orc:2 *:[(

Annotations:
D:8 2 transporters, sthehill's ghost, novice MDFi
Swamp:4 exclusion: 2 oklob plants
Snake:2 2 transporters
Snake:3 Vashnia


Innate Abilities, Weirdness & Mutations

You have very sharp fingernails.
You sometimes emit foul miasma when damaged in melee.
You have an extremely huge brain. (Int +4)
Spells you cast and wands you use may paralyse nearby enemies.
You have a pair of large antennae on your head. (SInv)
You have hooves in place of feet.
You have a moderately thin skeletal structure. (Dex +4, Stealth++)
Your mind is acute. (Int +4, Str/Dex -1)
Your flesh is cold resistant. (rC+)
You are somewhat resistant to further mutation.
You passively map a small area around you.
Your system is resistant to poisons. (rPois)
Your rubbery body absorbs attacks. (AC +1, EV +1)
You expend magic power (3 MP) to strengthen your wands.
Your movements are significantly less encumbered by armour. (ER -6)


Message History

You barely miss the naga sharpshooter. You slice the naga sharpshooter!!
The naga sharpshooter writhes in agony.
You kill the naga sharpshooter!
You feel sick.
The naga sharpshooter shoots an arrow.
The arrow hits you!
* * * LOW HITPOINT WARNING * * *
Vashnia shoots an arrow.
The arrow misses you.
Your Shapeshifting skill increases to level 2!
You take 9 damage, and have 36/142 hp.
You hit the naga sharpshooter. You kick the naga sharpshooter!
The naga sharpshooter is severely wounded.
You hit Vashnia but do no damage.
Vashnia writhes in agony!
You feel sick.
The naga sharpshooter spits poison at you.
The splash of poison hits you. You resist.
* * * LOW HITPOINT WARNING * * *
The naga sharpshooter shoots an arrow.
The arrow completely misses you.
You take 3 damage, and have 33/142 hp.
You feel sick. Vashnia spits poison at you. The splash of poison hits you.
You are more poisoned.
You resist.
* * * LOW HITPOINT WARNING * * *
The naga sharpshooter attacks as it pursues you!
The naga sharpshooter unwields a +0 arbalest.
The naga sharpshooter wields a +0 trident.
The naga sharpshooter completely misses you.
The naga sharpshooter grabs you. The naga sharpshooter constricts you.
* * * LOW HITPOINT WARNING * * *
The naga sharpshooter spits poison at you.
The splash of poison hits you but does no damage.
You resist.
Items here: )) [ †.
You take 9 damage, and have 24/142 hp.
The naga sharpshooter's grasp on you weakens, but your attempt to escape fails.
You feel extremely sick.
Vashnia shoots an arrow.
The arrow hits you!
* * * LOW HITPOINT WARNING * * *
The naga sharpshooter shoots an arrow.
The arrow hits you!
You die...
Jiyva sends a jelly to digest your remains.

......# #.....................
.....## #....#.##.###.........
.....# ##....#..#N.###........
.....## #.....####..###........
......#####...........##.........
.................................
.................................
...............NN................
................@................
.........J.......................
.###.........###...........##....
##.'.....#####.######.....###....
#..#....##..........#....## #....
...#....'...........J...## ##...
...#....##..#####'###...# #...
.#.#.....#..#.....##....## ##...
.###.....#..#.....##.....####....


You could see Vashnia, 2 naga sharpshooters and a neutral jelly (wandering)
(fellow slime).

Vanquished Creatures
  Bai Suzhen (Swamp:4)
  Saint Roka (Orc:2)
  Nikola (Swamp:4)
  Rupert (D:14)
  A tentacled monstrosity (Swamp:3)
  Frances (D:12)
  Aizul (Swamp:2)
  Donald (Swamp:4)
  3 thorn hunters
  A nagaraja (Snake:2)
  2 ghouls (Swamp:3)
  An orc warlord (Orc:2)
  2 hydra skeletons (Swamp:4)
  A very ugly thing (D:15)
  3 eleionomae
  3 bunyips
  A dire elephant (D:15)
  An ettin (Orc:1)
  2 shambling mangroves
  2 fire dragons
  Erolcha (Orc:2)
  2 ghost crabs
  A salamander tyrant (Snake:3)
  9 hydras
  4 vault guards (D:14)
  7 centaur warriors
  3 boulder beetles
  A death knight (D:14)
  13 alligators
  4 anacondas
  2 catoblepae (Lair:5)
  Erica (D:10)
  2 tengu warriors
  5 two-headed ogres
  A shock serpent (Snake:2)
  An orc high priest (Orc:2)
  Sonja (D:12)
  2 spriggans (Swamp:3)
  7 naga sharpshooters
  6 naga warriors
  A skyshark (Lair:3)
  2 salamander mystics
  4 goliath frogs
  3 sea snakes (Snake:2)
  2 spriggan druids (Swamp:4)
  3 mana vipers (Snake:2)
  A flayed ghost (Swamp:3)
  5 swamp dragons
  3 spectral hydras (Swamp:4)
  2 arcanists (D:14)
  A naga ritualist (Snake:2)
  5 bog bodies
  6 lindwurms
  3 obsidian bats
  2 deep elf pyromancers (D:15)
  A phantasmal warrior (Swamp:3)
  4 necromancers (D:14)
  6 orc knights
  31 ugly things
  5 orc sorcerers
  A manticore (D:9)
  8 salamanders
  8 will-o-the-wisps
  6 cyclopes
  Maurice (D:9)
  11 naga magi
  9 black mambas
  2 guardian serpents (Snake:3)
  2 kobold blastminers
  A water nymph (D:15)
  A torpor snail (Lair:5)
  12 cane toads
  4 rime drakes
  4 freezing wraiths
  10 komodo dragons
  2 hydra zombies (Swamp:4)
  5 hornets
  A polar bear (shapeshifter) (D:9)
  10 polar bears
  6 trolls
  6 tyrant leeches
  A merfolk (shapeshifter) (D:15)
  A raiju (Lair:5)
  24 blink frogs
  Sigmund (D:6)
  A vampire (D:11)
  5 shadows
  5 wyverns
  13 humans (D:14)
  Eustachio (D:6)
  31 yaks
  7 basilisks
  5 steam dragons
  23 vampire mosquitoes
  8 wargs
  35 nagas
  8 acid dragons
  Edmund (D:6)
  9 swamp worms
  15 water moccasins
  A hydra simulacrum (Swamp:4)
  11 hell hounds (Lair:5)
  3 swamp drakes
  29 orc warriors
  An ice beast (D:4)
  13 black bears
  2 laughing skulls (D:13)
  26 wolves
  7 ogres
  6 centaurs
  2 kobold brigands (D:9)
  14 bullfrogs
  3 gnoll sergeants (D:9)
  6 wights
  2 troll zombies (D:11)
  18 killer bees
  7 electric eels
  A howler monkey (D:7)
  2 bombardier beetles
  A gnoll bouda (D:9)
  15 orc priests
  2 hounds (D:4)
  5 iguanas
  18 orc wizards
  4 ogre zombies (D:11)
  6 gnolls (D:9)
  4 adders
  2 ufetubi (D:4)
  2 ribbon worms
  2 dart slugs
  46 orcs
  A giant cockroach (D:1)
  3 gnoll zombies (D:11)
  4 goblins
  5 hobgoblins
  6 jackals (D:1)
  10 kobolds
  A quokka (D:2)
  6 ball pythons
  3 bats
  4 frilled lizards
  2 gnoll skeletons (D:11)
  14 orc zombies (D:11)
  7 rats
  A spectral weapon (Swamp:4)
825 creatures vanquished.

Vanquished Creatures (collateral kills)
  A thorn hunter (Swamp:4)
  A two-headed ogre (D:9)
  A hydra (Swamp:3)
  A boulder beetle (D:11)
  A hell hog (Lair:5)
  A goliath frog (Swamp:4)
  A swamp dragon (Lair:5)
  A lindwurm (Lair:5)
  A bog body (Swamp:4)
  An orc knight (Orc:1)
  A will-o-the-wisp (Swamp:3)
  A cyclops (D:9)
  A kobold blastminer (Orc:1)
  A komodo dragon (Lair:5)
  A tyrant leech (Swamp:3)
  3 yaks (Lair:5)
  A steam dragon (D:5)
  A water moccasin (Lair:5)
  5 hell hounds (Lair:5)
  4 wolves (Lair:5)
  A centaur (D:9)
  An electric eel (D:6)
  An orc wizard (Orc:1)
32 creatures vanquished.

Vanquished Creatures (others)
  An alligator (Swamp:4)
  A centaur warrior (D:14)
  A bog body (Swamp:3)
  A spectral hydra (Swamp:4)
  3 meliai (D:14)
  A naga mage (Snake:2)
  A black mamba (Lair:5)
  A tengu conjurer (D:15)
  A bloated husk (Swamp:3)
  9 slime creatures
  A water moccasin (Lair:2)
  2 centaurs
  A bullfrog (D:9)
  2 killer bees (D:9)
  A howler monkey (D:9)
  A bombardier beetle (D:5)
  An orc priest (D:3)
  107 jellies
  A hound (D:6)
  4 iguanas
  4 orc wizards
  3 adders
  A swamp drake zombie (Swamp:4)
  A shadow imp (D:5)
  A swamp drake skeleton (Swamp:4)
  A dart slug (D:3)
  15 orcs
  2 bats
  3 endoplasms (Lair:4)
  A goblin (D:3)
  3 hobgoblins
  2 quokkas (D:4)
  2 ball pythons
  A frilled lizard (D:2)
  37 foxfires
218 creatures vanquished.

Grand Total: 1075 creatures vanquished

Notes
Turn   | Place    | Note
-------+----------+-------------------------------------------
     0 | D:1      | jasper the Demonspawn Fighter began the quest for the Orb.
     0 | D:1      | Reached XP level 1. HP: 18/18 MP: 1/1
    48 | D:1      | Reached skill level 2 in Axes
    79 | D:1      | Gained mutation: You may rarely emit foul miasma when
                  | damaged in melee. [demonic ancestry]
    79 | D:1      | Reached XP level 2. HP: 24/24 MP: 2/2
   285 | D:1      | Found a faded altar of an unknown god.
   293 | D:1      | Prayed at the altar of an unknown god.
   293 | D:1      | Became a worshipper of Jiyva Jeygguh the Shapeless
   293 | D:1      | Reached * piety under Jiyva
   337 | D:1      | Reached skill level 3 in Axes
   480 | D:1      | Reached XP level 3. HP: 29/29 MP: 3/3
  1038 | D:2      | Reached ** piety under Jiyva
  1573 | D:3      | Identified the amulet of Due Proportion {Faith Regen+
                  | Dex+2}
  1604 | D:3      | Found a broken altar of Ashenzari.
  1665 | D:3      | Reached *** piety under Jiyva
  1846 | D:3      | Gained mutation: Your translucent skin slightly reduces
                  | your foes' accuracy. (Stealth+) [Jiyva's grace]
  1846 | D:3      | Gained mutation: Your translucent skin reduces your foes'
                  | accuracy. (Stealth+) [Jiyva's grace]
  1846 | D:3      | Gained mutation: Your transparent skin significantly
                  | reduces your foes' accuracy. (Stealth+) [Jiyva's grace]
  1846 | D:3      | Gained mutation: Your melee attacks may engulf your foes in
                  | ooze. [Jiyva's grace]
  2049 | D:4      | Reached skill level 4 in Axes
  2049 | D:4      | Reached XP level 4. HP: 32/35 MP: 4/4
  2150 | D:4      | Reached **** piety under Jiyva
  2640 | D:5      | Entered Level 5 of the Dungeon
  2716 | D:5      | Noticed an ice beast
  2725 | D:4      | Killed an ice beast
  2726 | D:4      | Reached skill level 5 in Axes
  2726 | D:4      | Gained mutation: Spells you cast may paralyse adjacent
                  | enemies. [demonic ancestry]
  2726 | D:4      | Reached XP level 5. HP: 41/41 MP: 5/5
  2752 | D:4      | Gained mutation: You sometimes emit foul miasma when
                  | damaged in melee. [demonic ancestry]
  2752 | D:4      | Reached XP level 6. HP: 47/47 MP: 6/6
  2772 | D:4      | Reached skill level 6 in Axes
  2921 | D:5      | Reached ***** piety under Jiyva
  3079 | D:5      | Found an opulent altar of Gozag.
  3133 | D:5      | Found a snail-covered altar of Cheibriados.
  3139 | D:5      | Gained mutation: You are somewhat resistant to further
                  | mutation. [Jiyva's grace]
  3139 | D:5      | Gained mutation: You are somewhat resistant to both further
                  | mutation and mutation removal. [Jiyva's grace]
  3139 | D:5      | Gained mutation: You are almost entirely resistant to
                  | further mutation and mutation removal. [Jiyva's grace]
  3139 | D:5      | Gained mutation: Your mind is acute. (Int +4, Str/Dex -1)
                  | [Jiyva's grace]
  3163 | D:5      | Found a staircase to the Ecumenical Temple.
  3213 | D:5      | Noticed a steam dragon
  3218 | D:5      | Killed a steam dragon
  3219 | D:5      | Reached skill level 7 in Axes
  3219 | D:5      | Gained mutation: You have an unusually large brain. (Int
                  | +2) [demonic ancestry]
  3219 | D:5      | Reached XP level 7. HP: 31/52 MP: 7/7
  3232 | D:5      | Learned a level 3 spell: Mephitic Cloud
  3265 | D:5      | Noticed a steam dragon
  3269 | D:5      | Killed a steam dragon
  3734 | D:6      | Noticed Sigmund
  3742 | D:6      | Killed Sigmund
  3743 | D:6      | Reached skill level 8 in Axes
  3945 | D:6      | Noticed Edmund
  3954 | D:6      | Reached XP level 8. HP: 58/58 MP: 8/8
  3965 | D:6      | Killed Edmund
  3966 | D:6      | Reached skill level 9 in Axes
  3979 | D:6      | Noticed Eustachio
  3988 | D:6      | Killed Eustachio
  3997 | D:6      | Found the +7 Kryia's mail coat {PotionHeal*2 rC+}
  4332 | D:6      | Found a hide-covered altar of Uskayaw.
  4972 | D:7      | Reached skill level 10 in Axes
  5348 | D:8      | Found a staircase to the Lair.
  5349 | D:8      | Noticed a komodo dragon
  5350 | D:8      | Lost mutation: You are almost entirely resistant to further
                  | mutation and mutation removal. [Jiyva's grace]
  5350 | D:8      | Lost mutation: Your transparent skin significantly reduces
                  | your foes' accuracy. (Stealth+) [Jiyva's grace]
  5350 | D:8      | Lost mutation: Your translucent skin reduces your foes'
                  | accuracy. (Stealth+) [Jiyva's grace]
  5350 | D:8      | Gained mutation: Your spells are a little harder to cast,
                  | but a little more powerful. [Jiyva's grace]
  5350 | D:8      | Gained mutation: Your spells are harder to cast, but more
                  | powerful. [Jiyva's grace]
  5350 | D:8      | Gained mutation: Your spells are much harder to cast, but
                  | much more powerful. [Jiyva's grace]
  5350 | D:8      | Gained mutation: You are strong-willed. (Will+) [Jiyva's
                  | grace]
  5363 | D:8      | Killed a komodo dragon
  5405 | D:8      | Found a transporter.
  5406 | D:8      | Noticed sthehill's ghost (novice MDFi)
  5407 | D:8      | Found a transporter.
  5408 | D:8      | Noticed a two-headed ogre
  5534 | D:8      | Reached skill level 11 in Axes
  5534 | D:8      | Reached XP level 9. HP: 61/63 MP: 9/9
  5706 | D:8      | Noticed a lindwurm
  5706 | D:8      | Noticed a lindwurm
  5706 | D:8      | Noticed a lindwurm
  5707 | D:8      | Noticed a lindwurm
  5715 | D:8      | Killed a lindwurm
  5716 | D:8      | Reached skill level 12 in Axes
  5721 | D:8      | Killed a lindwurm
  5723 | D:8      | Killed a lindwurm
  5724 | D:8      | Reached skill level 13 in Axes
  5724 | D:8      | Gained mutation: Spells you cast may paralyse nearby
                  | enemies. [demonic ancestry]
  5724 | D:8      | Reached XP level 10. HP: 46/70 MP: 10/10
  5730 | D:8      | Killed a lindwurm
  5743 | D:8      | Identified the +1 ring mail of Perfidy {Will+}
  6538 | D:9      | Noticed a two-headed ogre
  6540 | D:9      | Killed a two-headed ogre
  6541 | D:9      | Reached skill level 14 in Axes
  6735 | D:9      | Noticed a white ugly thing
  6739 | D:9      | Killed a white ugly thing
  6751 | D:9      | Reached skill level 5 in Fighting
  6842 | D:9      | Lost mutation: You are somewhat resistant to both further
                  | mutation and mutation removal. [Jiyva's grace]
  6842 | D:9      | Lost mutation: Your translucent skin slightly reduces your
                  | foes' accuracy. (Stealth+) [Jiyva's grace]
  6842 | D:9      | Gained mutation: You have large cloven feet. [Jiyva's
                  | grace]
  6842 | D:9      | Gained mutation: You have hoof-like feet. [Jiyva's grace]
  6842 | D:9      | Gained mutation: You have hooves in place of feet. [Jiyva's
                  | grace]
  6842 | D:9      | Gained mutation: Your flesh is cold resistant. (rC+)
                  | [Jiyva's grace]
  6901 | D:9      | Noticed Maurice
  6908 | D:9      | Noticed a tengu warrior
  6912 | D:9      | Gained mutation: Spells you cast and wands you use may
                  | paralyse nearby enemies. [demonic ancestry]
  6912 | D:9      | Reached XP level 11. HP: 74/79 MP: 8/11
  6915 | D:9      | Killed a tengu warrior
  6915 | D:9      | Something stole a Gell's gravitambourine (2/2)
  6917 | D:9      | Killed Maurice
  6918 | D:9      | Reached skill level 5 in Armour
  6971 | D:9      | Reached skill level 1 in Evocations
  7292 | D:9      | Noticed a fire dragon
  7304 | D:9      | Killed a fire dragon
  7336 | D:9      | Reached skill level 5 in Evocations
  7461 | D:10     | Entered Level 10 of the Dungeon
  7621 | D:10     | Found a basalt altar of Yredelemnul.
  7782 | D:10     | Noticed Erica
  7795 | D:10     | Killed Erica
  7809 | D:10     | Lost mutation: You have hooves in place of feet. [Jiyva's
                  | grace]
  7809 | D:10     | Lost mutation: Your mind is acute. (Int +4, Str/Dex -1)
                  | [Jiyva's grace]
  7809 | D:10     | Lost mutation: Your spells are much harder to cast, but
                  | much more powerful. [Jiyva's grace]
  7809 | D:10     | Gained mutation: Your system is resistant to poisons.
                  | (rPois) [Jiyva's grace]
  7809 | D:10     | Gained mutation: You have a pair of small antennae on your
                  | head. [Jiyva's grace]
  7809 | D:10     | Gained mutation: You have a pair of antennae on your head.
                  | [Jiyva's grace]
  7809 | D:10     | Gained mutation: You have a pair of large antennae on your
                  | head. (SInv) [Jiyva's grace]
  7899 | D:10     | Found a hazy altar of Hepliaklqana.
  8126 | D:10     | Noticed a two-headed ogre
  8135 | D:10     | Killed a two-headed ogre
  8181 | D:11     | Noticed a two-headed ogre
  8188 | D:11     | Killed a two-headed ogre
  8189 | D:11     | Reached skill level 15 in Axes
  8215 | D:11     | Found a staircase to the Orcish Mines.
  8215 | D:11     | Noticed a two-headed ogre
  8222 | D:11     | Gained mutation: You have sharp fingernails. [demonic
                  | ancestry]
  8222 | D:11     | Reached XP level 12. HP: 88/88 MP: 10/12
  8229 | D:11     | Killed a two-headed ogre
  8438 | D:11     | Noticed a boulder beetle
  8439 | D:11     | Identified the +4 lajatang of Hoisej {venom, rElec Int-2
                  | Dex+4 SInv}
  8451 | D:11     | Killed a boulder beetle
  8847 | Lair:1   | Entered Level 1 of the Lair of Beasts
  9446 | Lair:1   | Reached ****** piety under Jiyva
  9463 | Lair:1   | Lost mutation: You are strong-willed. (Will+) [Jiyva's
                  | grace]
  9463 | Lair:1   | Lost mutation: You are somewhat resistant to further
                  | mutation. [Jiyva's grace]
  9463 | Lair:1   | Lost mutation: Your melee attacks may engulf your foes in
                  | ooze. [Jiyva's grace]
  9463 | Lair:1   | Gained mutation: You have a somewhat thin skeletal
                  | structure. (Dex +2, Stealth+) [Jiyva's grace]
  9463 | Lair:1   | Gained mutation: You have a moderately thin skeletal
                  | structure. (Dex +4, Stealth++) [Jiyva's grace]
  9463 | Lair:1   | Gained mutation: You have an unnaturally thin skeletal
                  | structure. (Dex +6, Stealth+++) [Jiyva's grace]
  9463 | Lair:1   | Gained mutation: You expend magic power (3 MP) to
                  | strengthen your wands. [Jiyva's grace]
  9707 | Lair:2   | Reached skill level 16 in Axes
 10135 | Lair:2   | Found a staircase to the Snake Pit.
 10541 | Lair:3   | Noticed a boulder beetle
 10555 | Lair:3   | Killed a boulder beetle
 10604 | Lair:3   | Gained mutation: You have an extremely huge brain. (Int +4)
                  | [demonic ancestry]
 10604 | Lair:3   | Reached XP level 13. HP: 69/100 MP: 13/13
 10640 | Lair:3   | Lost mutation: You have a pair of large antennae on your
                  | head. (SInv) [Jiyva's grace]
 10640 | Lair:3   | Lost mutation: You have a pair of antennae on your head.
                  | [Jiyva's grace]
 10640 | Lair:3   | Lost mutation: You have hoof-like feet. [Jiyva's grace]
 10640 | Lair:3   | Gained mutation: Your mind is acute. (Int +4, Str/Dex -1)
                  | [Jiyva's grace]
 10640 | Lair:3   | Gained mutation: Your mind is very acute. (Int +8, Str/Dex
                  | -2) [Jiyva's grace]
 10640 | Lair:3   | Gained mutation: You are agile. (Dex +4, Str/Int -1)
                  | [Jiyva's grace]
 10640 | Lair:3   | Gained mutation: You are very agile. (Dex +8, Str/Int -2)
                  | [Jiyva's grace]
 10709 | Lair:3   | Found a staircase to the Swamp.
 11353 | Lair:4   | Found a staircase to the Slime Pits.
 11969 | Slime:1  | Entered Level 1 of the Pits of Slime
 11969 | Slime:1  | Noticed a rockslime
 11975 | Slime:1  | Noticed an acid blob
 11978 | Slime:2  | Noticed an acid blob
 11978 | Slime:2  | Noticed a rockslime
 11985 | Slime:3  | Noticed a quicksilver ooze
 11985 | Slime:3  | Noticed a formless jellyfish
 11986 | Slime:3  | Noticed a formless jellyfish
 11986 | Slime:3  | Noticed a formless jellyfish
 11989 | Slime:4  | Noticed a rockslime
 11995 | Slime:5  | Entered Level 5 of the Pits of Slime
 12010 | Slime:5  | Noticed an azure jelly
 12015 | Slime:5  | Identified the +6 battleaxe of Wieza {pain, rN+ Str+7}
 12021 | Slime:5  | Got the Omnibus of Percussion
 12033 | Slime:5  | Noticed an azure jelly
 12048 | Slime:5  | Identified the amulet of Eruhakiq {Spirit rN+ Str+4}
 12064 | Slime:5  | Found a viscous altar of Jiyva.
 12070 | Slime:5  | Got a starry gem with 501 turns to spare
 12072 | Slime:5  | Got a slimy rune of Zot
 12073 | Slime:5  | Identified the +0 chain mail "Usesud" {Dex+3}
 12076 | Slime:5  | Noticed a rockslime
 12086 | Slime:5  | Noticed a rockslime
 12103 | Slime:5  | Noticed an azure jelly
 12104 | Slime:5  | Noticed an azure jelly
 12117 | Slime:2  | Noticed an acid blob
 12157 | Lair:5   | Entered Level 5 of the Lair of Beasts
 12278 | Lair:5   | Lost mutation: You are very agile. (Dex +8, Str/Int -2)
                  | [Jiyva's grace]
 12278 | Lair:5   | Lost mutation: Your spells are harder to cast, but more
                  | powerful. [Jiyva's grace]
 12278 | Lair:5   | Lost mutation: You expend magic power (3 MP) to strengthen
                  | your wands. [Jiyva's grace]
 12278 | Lair:5   | Gained mutation: Your flesh is very cold resistant. (rC++)
                  | [Jiyva's grace]
 12278 | Lair:5   | Gained mutation: Your flesh is almost immune to the effects
                  | of cold. (rC+++) [Jiyva's grace]
 12278 | Lair:5   | Gained mutation: You possess an exceptional clarity of
                  | mind. [Jiyva's grace]
 12278 | Lair:5   | Gained mutation: You expend magic power (3 MP) to
                  | strengthen your wands. [Jiyva's grace]
 12385 | Lair:5   | Reached skill level 17 in Axes
 12412 | Lair:5   | Reached skill level 10 in Fighting
 12594 | Lair:5   | Noticed a fire dragon
 12609 | Lair:5   | Killed a fire dragon
 12651 | Lair:5   | Got an earthy gem with 233 turns to spare
 12906 | Lair:5   | Reached XP level 14. HP: 92/111 MP: 14/14
 13783 | D:12     | Noticed Sonja
 13792 | D:12     | Killed Sonja
 13793 | D:12     | Reached skill level 18 in Axes
 13897 | D:12     | Identified the +0 chain mail of Contentment {rC+ rCorr}
 14024 | D:12     | Noticed Frances
 14036 | D:12     | Killed Frances
 14037 | D:12     | Reached skill level 10 in Armour
 14438 | D:12     | Lost mutation: Your flesh is almost immune to the effects
                  | of cold. (rC+++) [Jiyva's grace]
 14438 | D:12     | Gained mutation: Your spells are harder to cast, but more
                  | powerful. [Jiyva's grace]
 14438 | D:12     | Gained mutation: Your spells are much harder to cast, but
                  | much more powerful. [Jiyva's grace]
 14438 | D:12     | Gained mutation: Your rubbery body absorbs attacks. (AC +1,
                  | EV +1) [Jiyva's grace]
 14438 | D:12     | Gained mutation: Your pliable body absorbs attacks. (AC +2,
                  | EV +2) [Jiyva's grace]
 14531 | Orc:1    | Entered Level 1 of the Orcish Mines
 14612 | Orc:1    | Learned a level 3 spell: Fugue of the Fallen
 14688 | Orc:1    | Found a burning altar of Makhleb.
 14705 | Orc:1    | Reached skill level 1 in Necromancy
 14865 | Orc:2    | Entered Level 2 of the Orcish Mines
 14890 | Orc:2    | Found a staircase to the Elven Halls.
 15145 | Orc:2    | Noticed an orc warlord
 15149 | Orc:2    | Noticed Erolcha
 15157 | Orc:2    | Killed Erolcha
 15171 | Orc:2    | Killed an orc warlord
 15192 | Orc:2    | Found a roughly hewn altar of Beogh.
 15200 | Orc:2    | Found Wupsat's Antique Weapon Shop.
 15260 | Orc:2    | Found Vosobeb's Book Shop.
 15276 | Orc:2    | Found Miphomy's General Store.
 15283 | Orc:2    | Bought a scroll of summoning for 123 gold pieces
 15301 | Orc:2    | Found Vegockolups's Antique Armour Shop.
 15323 | Orc:2    | Bought Great Wizards, Vol. VII for 390 gold pieces
 15323 | Orc:2    | Bought Sif Muna's Grimoire of the Hundredfold Friends for
                  | 338 gold pieces
 15327 | Orc:2    | Learned a level 3 spell: Swiftness
 15425 | Orc:2    | Noticed Saint Roka
 15451 | Orc:2    | Killed Saint Roka
 15482 | Orc:2    | Found a roughly hewn altar of Beogh.
 16135 | D:13     | Reached XP level 15. HP: 120/120 MP: 15/15
 16195 | D:13     | Lost mutation: You are agile. (Dex +4, Str/Int -1) [Jiyva's
                  | grace]
 16195 | D:13     | Lost mutation: Your flesh is very cold resistant. (rC++)
                  | [Jiyva's grace]
 16195 | D:13     | Lost mutation: Your spells are much harder to cast, but
                  | much more powerful. [Jiyva's grace]
 16195 | D:13     | Gained mutation: You passively map a small area around you.
                  | [Jiyva's grace]
 16195 | D:13     | Gained mutation: You passively map the area around you.
                  | [Jiyva's grace]
 16195 | D:13     | Gained mutation: You passively map a large area around you.
                  | [Jiyva's grace]
 16195 | D:13     | Gained mutation: Your muscles are strong. (Str +4, Int/Dex
                  | -1) [Jiyva's grace]
 16834 | D:14     | Identified the maw talisman "Nemeygot" {rN+}
 16834 | D:14     | Noticed Rupert
 16845 | D:14     | Killed Rupert
 17158 | D:14     | Reached skill level 5 in Necromancy
 17226 | D:14     | Reached skill level 19 in Axes
 17257 | D:14     | Found a gate to the Vaults.
 17647 | D:15     | Entered Level 15 of the Dungeon
 17693 | D:15     | Lost mutation: You have an unnaturally thin skeletal
                  | structure. (Dex +6, Stealth+++) [Jiyva's grace]
 17693 | D:15     | Lost mutation: You possess an exceptional clarity of mind.
                  | [Jiyva's grace]
 17693 | D:15     | Lost mutation: You passively map a large area around you.
                  | [Jiyva's grace]
 17693 | D:15     | Lost mutation: Your pliable body absorbs attacks. (AC +2,
                  | EV +2) [Jiyva's grace]
 17693 | D:15     | Lost mutation: You expend magic power (3 MP) to strengthen
                  | your wands. [Jiyva's grace]
 17693 | D:15     | Gained mutation: Your pliable body absorbs attacks. (AC +2,
                  | EV +2) [Jiyva's grace]
 17693 | D:15     | Gained mutation: Your gelatinous body deflects attacks. (AC
                  | +3, EV +3) [Jiyva's grace]
 17693 | D:15     | Gained mutation: You have a small jelly attached to you
                  | that may absorb projectiles. [Jiyva's grace]
 17693 | D:15     | Gained mutation: You expend magic power (3 MP) to
                  | strengthen your wands. [Jiyva's grace]
 18186 | D:15     | Reached skill level 20 in Axes
 18296 | D:15     | Found a staircase to the Depths.
 18601 | Swamp:1  | Entered Level 1 of the Swamp
 18688 | Swamp:1  | Reached XP level 16. HP: 129/129 MP: 16/16
 19081 | Swamp:2  | Identified the serpent talisman of Johaip {rN+ Stlth+}
 19081 | Swamp:2  | Noticed Aizul
 19091 | Swamp:2  | Reached skill level 1 in Air Magic
 19092 | Swamp:2  | Lost mutation: Your spells are harder to cast, but more
                  | powerful. [Jiyva's grace]
 19092 | Swamp:2  | Lost mutation: Your spells are a little harder to cast, but
                  | a little more powerful. [Jiyva's grace]
 19092 | Swamp:2  | Gained mutation: Your spells are a little harder to cast,
                  | but a little more powerful. [Jiyva's grace]
 19092 | Swamp:2  | Gained mutation: Your spells are harder to cast, but more
                  | powerful. [Jiyva's grace]
 19092 | Swamp:2  | Gained mutation: Your spells are much harder to cast, but
                  | much more powerful. [Jiyva's grace]
 19092 | Swamp:2  | Gained mutation: You have hoof-like feet. [Jiyva's grace]
 19103 | Swamp:2  | Killed Aizul
 19195 | Swamp:2  | Learned a level 1 spell: Apportation
 19670 | Swamp:3  | Reached skill level 10 in Necromancy
 19688 | Swamp:3  | Identified the +0 chain mail of the Hall of Blades {Str+4
                  | Int+3 Dex-5 Slay+3}
 19730 | Swamp:3  | Noticed a tentacled monstrosity
 19744 | Swamp:3  | Killed a tentacled monstrosity
 19914 | Swamp:3  | Reached skill level 5 in Air Magic
 20013 | Swamp:4  | Entered Level 4 of the Swamp
 20057 | Swamp:4  | Noticed Nikola
 20065 | Swamp:4  | Noticed Donald
 20081 | Swamp:4  | Killed Nikola
 20084 | Swamp:4  | Killed Donald
 20099 | Swamp:4  | Noticed a thorn hunter
 20166 | Swamp:4  | Killed a thorn hunter
 20506 | Swamp:4  | Noticed Bai Suzhen
 20695 | Swamp:4  | Noticed a thorn hunter
 20695 | Swamp:4  | Noticed a thorn hunter
 20728 | Swamp:3  | Killed a thorn hunter
 20833 | Swamp:3  | Killed a thorn hunter
 20908 | Swamp:4  | Killed Bai Suzhen
 20909 | Swamp:4  | Reached skill level 1 in Dodging
 20909 | Swamp:4  | Gained mutation: You have very sharp fingernails. [demonic
                  | ancestry]
 20909 | Swamp:4  | Reached XP level 17. HP: 24/135 MP: 17/17
 21103 | Swamp:4  | Found a basalt altar of Yredelemnul.
 21127 | Swamp:4  | Got a decaying rune of Zot
 21211 | Swamp:4  | Found a blossoming altar of Fedhas.
 21323 | Snake:1  | Entered Level 1 of the Snake Pit
 21742 | Snake:1  | Lost mutation: You have a pair of small antennae on your
                  | head. [Jiyva's grace]
 21742 | Snake:1  | Lost mutation: You passively map the area around you.
                  | [Jiyva's grace]
 21742 | Snake:1  | Lost mutation: Your spells are much harder to cast, but
                  | much more powerful. [Jiyva's grace]
 21742 | Snake:1  | Lost mutation: Your spells are harder to cast, but more
                  | powerful. [Jiyva's grace]
 21742 | Snake:1  | Lost mutation: Your gelatinous body deflects attacks. (AC
                  | +3, EV +3) [Jiyva's grace]
 21742 | Snake:1  | Lost mutation: You have a small jelly attached to you that
                  | may absorb projectiles. [Jiyva's grace]
 21742 | Snake:1  | Gained mutation: Your movements are slightly less
                  | encumbered by armour. (ER -2) [Jiyva's grace]
 21742 | Snake:1  | Gained mutation: Your movements are less encumbered by
                  | armour. (ER -4) [Jiyva's grace]
 21742 | Snake:1  | Gained mutation: Your movements are significantly less
                  | encumbered by armour. (ER -6) [Jiyva's grace]
 21742 | Snake:1  | Gained mutation: You are somewhat resistant to further
                  | mutation. [Jiyva's grace]
 22109 | Snake:2  | Found a hazy altar of Hepliaklqana.
 22307 | Snake:2  | Found a transporter.
 22482 | Snake:2  | Found a transporter.
 22809 | Snake:2  | Reached skill level 5 in Dodging
 23975 | Snake:3  | Reached skill level 15 in Fighting
 23981 | Snake:3  | Reached skill level 1 in Shapeshifting
 24012 | Snake:3  | Lost mutation: Your mind is very acute. (Int +8, Str/Dex
                  | -2) [Jiyva's grace]
 24012 | Snake:3  | Lost mutation: Your muscles are strong. (Str +4, Int/Dex
                  | -1) [Jiyva's grace]
 24012 | Snake:3  | Lost mutation: Your spells are a little harder to cast, but
                  | a little more powerful. [Jiyva's grace]
 24012 | Snake:3  | Lost mutation: Your pliable body absorbs attacks. (AC +2,
                  | EV +2) [Jiyva's grace]
 24012 | Snake:3  | Gained mutation: You have a pair of small antennae on your
                  | head. [Jiyva's grace]
 24012 | Snake:3  | Gained mutation: You have a pair of antennae on your head.
                  | [Jiyva's grace]
 24012 | Snake:3  | Gained mutation: You have a pair of large antennae on your
                  | head. (SInv) [Jiyva's grace]
 24012 | Snake:3  | Gained mutation: You have hooves in place of feet. [Jiyva's
                  | grace]
 24238 | Snake:3  | Noticed Vashnia
 24250 | Snake:3  | HP: 7/142 [Vashnia/arrow (13)]
 24250 | Snake:3  | Shot with an arrow by a naga sharpshooter

Illustrated notes

Levels and vault maps discovered:
D:1:      orjb1_lava_funnel, layout_loops_ring, ebering_ecumenical_altar_webs
D:2:      layout_basic, hex_medium, kennysheep_generic_room_16
D:3:      layout_loops_ring, mainiacjoe_overflow_chevrons
D:4:      layout_cave_pods
D:5:      kennysheep_steamy, layout_loops_ring, good_gods_temple_1,
          grunt_gozag_statues, slow_altar_1, minmay_temple_entry_fiery,
          hangedman_decor_riveting, palyth_stone_intersect
D:6:      layout_loops_ring, lemuel_coloured_pillars_altar,
          nicolae_kite_square_tiling_tiny, uniq_eustachio, uniq_sigmund,
          uniq_edmund
D:7:      layout_loops_ring, kennysheep_cluttered_room,
          minmay_misc_feat_secret_circle
D:8:      layout_loops_corners, david_lair_shrubbed, gammafunk_ghost_smash,
          minmay_lindwurm_lava
D:9:      minmay_the_grid_octo_tiled_octocenter
          [minmay_the_grid_octo_thin_diamonds, minmay_the_grid_octo_odd_swirl,
          minmay_the_grid_octo_checkerflower, minmay_the_grid_octo_concentric,
          minmay_the_grid_octo_prize_star, minmay_the_grid_square_5x5_percent,
          minmay_the_grid_square_5x5_gyroscope,
          minmay_the_grid_square_5x5_one_wall,
          minmay_the_grid_square_5x5_inner_i], layout_stronghold, minivault_10,
          nrook_loot_triangle, nicolae_zen_rock_garden, uniq_maurice
D:10:     layout_irregular_city, overflow_temple_1_default,
          mainiacjoe_overflow_concentric_impassable, uniq_erica
D:11:     layout_cave_pools, zombieorc1_lemuel
D:12:     layout_basic, uniq_sonja, uniq_frances
D:13:     layout_stronghold
D:14:     layout_irregular_city, grunt_vaults_entry_tiered,
          minmay_misc_feat_rows, uniq_rupert
D:15:     hangedman_depths_entry_try_elsewhere_first, layout_irregular_city,
          serial_library_hellmonk_angled_corner
Lair:1:   layout_loops_ring, chequers_serial_rivers_room_a
Lair:2:   layout_chaotic_city, guppyfry_snake_entry_island,
          infiniplex_staircase_pool
Lair:3:   layout_long_grid, minmay_swamp_entry_swarm, nzn_sisyphean_effort,
          grunt_megastairs_4
Lair:4:   layout_big_grid, nicolae_slime_entry_slimehenge
Lair:5:   guppyfry_lair_end_dragon, layout_regular_city,
          hangedman_lair_caniforms_friends, serial_bayou_lagoon_b
Swamp:1:  layout_falls_marsh, hangedman_swamp_ruin_wall
Swamp:2:  layout_basic_swamp, nicolae_swamp_trees_clearing, uniq_aizul
Swamp:3:  layout_falls_marsh, evilmike_swamp_ruin_house_3
Swamp:4:  byrel_swamp_growth_death_and_undeath, layout_basic_swamp, uniq_donald,
          uniq_bai_suzhen, uniq_nikola
Snake:1:  layout_layer_cave
Snake:2:  gammafunk_its_a_trap, layout_layer_cave, basic_altar,
          serial_bayou_lake_a, lemuel_fruit_tree
Snake:3:  layout_cave_town, uniq_vashnia
Slime:1:  layout_caves
Slime:2:  layout_caves
Slime:3:  layout_caves
Slime:4:  cheibrodos_slime_lost_civilization_2, layout_caves
Slime:5:  slime_pit_nicolae_jellycorners
Orc:1:    layout_diamond_mine, bloody_makhleb
Orc:2:    grunt_orc_cross, layout_diamond_mine, basic_altar, uniq_saint_roka

Skill      XL: |  1  2  3  4  5  6  7  8  9 10 11 12 13 14 15 16 17 |
---------------+----------------------------------------------------+-----
Axes           | 2 3 4 5 7 8 11 13 14 15 16 17 18 20 | 20.0
Armour         | 4 5 8 9 10 11 | 11.2
Fighting       | 5 6 8 10 12 15 | 15.0
Evocations     | 7 |  7.1
Necromancy     | 3 7 10 | 10.0
Air Magic      | 9 |  9.1
Dodging        | 1 5 |  5.0
Shapeshifting  | 2 |  2.0
Shields        | |  2.6

Action                     |  1- 3 |  4- 6 |  7- 9 | 10-12 | 13-15 | 16-18 || total
---------------------------+-------+-------+-------+-------+-------+-------++-------
  Melee: War axe           |   130 |    64 |    96 |     5 |       |       ||   295
         Broad axe         |       |       |       |   645 |   741 |       ||  1386
         Kick              |       |       |       |    51 |       |     5 ||    56
         Morningstar       |       |       |       |       |     5 |       ||     5
         Battleaxe         |       |       |       |       |   396 |   534 ||   930
  Throw: Stone             |       |       |       |       |     4 |       ||     4
   Cast: Fugue of the Fall |       |       |       |       |       |    27 ||    27
 Invoke: Oozemancy         |       |       |     7 |     5 |     2 |       ||    14
         Slimify           |       |       |     1 |       |       |       ||     1
  Evoke: Phantom mirror    |       |       |       |     1 |     1 |     1 ||     3
         Wand              |       |       |       |     1 |     6 |     1 ||     8
         Gell's gravitambo |       |       |       |       |     2 |     2 ||     4
         Sack of spiders   |       |       |       |       |     2 |     1 ||     3
    Use: Scroll            |     6 |     1 |     7 |     4 |     8 |     5 ||    31
         Potion            |       |       |     1 |     3 |     2 |     2 ||     8
   Stab: Sleeping          |       |       |       |     4 |    11 |    11 ||    26
         Petrified         |       |       |       |       |     7 |       ||     7
         Distracted        |       |       |       |       |     6 |       ||     6
         Paralysed         |       |       |       |       |       |    16 ||    16
 Armour: Scale mail        |   100 |    56 |    65 |   657 |  1282 |  1069 ||  3229
         Plate armour      |       |     4 |    30 |       |       |       ||    34
  Dodge: Dodged            |    38 |    42 |    41 |   304 |   540 |   428 ||  1393
  Block: Buckler           |    26 |    19 |    15 |   172 |   244 |       ||   476

Table legend: (Time is in decaauts)
 A = Elapsed time spent in this place.
 B = Non-inter-level travel time spent in this place.
 C = Inter-level travel time spent in this place.
 D = Time resting spent in this place.
 E = Time spent auto-exploring this place.
 F = Levels seen in this place.
 G = Mean time per level.
                   A        B        C        D        E       F      G
               +--------+--------+--------+--------+--------+-----+--------+
         Total |  23850 |  21732 |   2118 |    794 |  12795 |  34 |  701.5 |
       Dungeon |  12553 |  11298 |   1255 |    350 |   6339 |  15 |  836.9 |
          Lair |   4664 |   4221 |    443 |     32 |   2583 |   5 |  932.8 |
         Swamp |   2677 |   2473 |    204 |    389 |   1212 |   4 |  669.2 |
     Snake Pit |   2673 |   2572 |    101 |     20 |   2021 |   3 |  891.0 |
    Slime Pits |    161 |    129 |     32 |      0 |      0 |   5 |   32.2 |
  Orcish Mines |   1120 |   1039 |     81 |      3 |    640 |   2 |  560.0 |
               +--------+--------+--------+--------+--------+-----+--------+

Top non-repeatable levels by time:
     D:9: 1349 daAuts
  Lair:5: 1297 daAuts
 Snake:2: 1230 daAuts
     D:8: 1089 daAuts
    D:13: 1068 daAuts
     D:5: 1021 daAuts
  Lair:3: 1017 daAuts
 Swamp:4: 873 daAuts
     D:1: 873 daAuts
  Lair:1: 865 daAuts
    D:14: 843 daAuts
     D:4: 802 daAuts
    D:10: 774 daAuts
    D:12: 772 daAuts
     D:7: 771 daAuts
